 Dungeon Crawl Stone Soup version 0.27.1-34-g3ba077fa99 (webtiles) character file.

Game seed: 3002998769609291324

49 ticklebelly the Chopper (level 3, -4/34 HPs)
             Began as a Minotaur Berserker on Jan 1, 2022.
             Was a Believer of Trog.
             Slain by a gnoll (7 damage)
             ... on level 2 of the Dungeon.
             The game lasted 00:02:57 (1136 turns).

ticklebelly the Chopper (Minotaur Berserker)        Turns: 1136, Time: 00:02:58

Health: -4/34      AC:  3    Str: 22    XL:     3   Next: 51%
Magic:  2/2        EV: 11    Int:  4    God:    Trog [**....]
Gold:   58         SH:  0    Dex:  9    Spells: 2/2 levels left

rFire    . . .     SeeInvis .   a - +0 hand axe
rCold    . . .     Faith    .   (no shield)
rNeg     . . .     Spirit   .   f - +0 leather armour
rPois    .         Reflect  .   (helmet restricted)
rElec    .         Harm     .   (no cloak)
rCorr    .         Rampage  .   (no gloves)
Will     .....                  (no boots)
Stlth    +.........             (no amulet)
HPRegen  0.11/turn              (no ring)
MPRegen  0.08/turn              (no ring)

@: no status effects
A: horns 2, retaliatory headbutt
a: Renounce Religion, Berserk, Trog's Hand


You were on level 2 of the Dungeon.
You worshipped Trog.
Trog was pleased with you.
You visited 1 branch of the dungeon, and saw 2 of its levels.

You collected 58 gold pieces.

Inventory:

Hand Weapons
 a - a +0 hand axe (weapon)
Armour
 f - a +0 leather armour (worn)
Scrolls
 d - a scroll of blinking {unknown}
 e - a scroll of identify {unknown}
Potions
 b - 2 potions of heal wounds {unknown}
 c - a potion of resistance {unknown}


   Skills:
 + Level 4.5 Fighting
 + Level 4.5 Axes
 + Level 2.6 Armour
 + Level 2.3 Dodging


You had 2 spell levels left.
You didn't know any spells.
Your spell library was empty.

Dungeon Overview and Level Annotations

Branches:
Dungeon (2/15)

Altars:
Xom

Shops:
D:1 (


Innate Abilities, Weirdness & Mutations

You have a pair of horns on your head.
You reflexively headbutt those who attack you in melee.


Message History

The endoplasm quivers.
The endoplasm closely misses you.
You hit the endoplasm.
The endoplasm is lightly wounded.
The endoplasm barely misses you.
You hit the endoplasm but do no damage. You headbutt the endoplasm.
The endoplasm is severely wounded.
The endoplasm misses you. You furiously retaliate!
You headbutt the endoplasm!
You kill the endoplasm!
Trog accepts your kill.
You now have 58 gold pieces (gained 9).
A goblin and a gnoll come into view.
The goblin shouts!
You hear a shout!
A gnoll comes into view. It is wielding a +0 spear.
Found a stone staircase leading up.
The goblin hits you but does no damage.
A gnoll comes into view. It is wielding a +0 spear.
The gnoll shouts!
You slash the gnoll! Your headbutt misses the gnoll.
The gnoll is severely wounded.
You hit the goblin. The goblin hits you but does no damage.
The gnoll completely misses you. You furiously retaliate!
You headbutt the gnoll!
You kill the gnoll!
Trog accepts your kill. The goblin hits you with a +0 dagger.
You hit the goblin.
You kill the goblin!
Trog accepts your kill.
The gnoll hits you from afar with a +0 spear.
Things that are here:
a +0 dagger; a goblin corpse The gnoll hits you with a +0 spear. x2
You hit the gnoll.
The gnoll is lightly wounded.
You barely miss the gnoll. The gnoll hits you with a +0 spear! x2
* * * LOW HITPOINT WARNING * * *
The gnoll hits you from afar with a +0 spear.
* * * LOW HITPOINT WARNING * * *
The gnoll hits you from afar with a +0 spear!
You die...

....##...........# #.#
######.#########.# #.#
.......# #.# #.#
################.# #.#
...............#.# #.#
##...#########.#.####.##
.............#.#.......#
.............#.#########
.........#####..@.g...<#
.....###.#......).g...##
#....# #.#.##########.#
#....# #.# # #....# #.#
..#### #.# ### #.# . #.#
## #.#


You could see 2 gnolls.

Vanquished Creatures
  A gnoll (D:2)
  4 dart slugs
  3 ball pythons (D:1)
  5 bats
  3 endoplasms
  2 giant cockroaches
  A goblin (D:2)
  2 hobgoblins (D:1)
  5 kobolds (D:1)
  A frilled lizard (D:1)
  4 rats
31 creatures vanquished.

Notes
Turn   | Place    | Note
-------+----------+-------------------------------------------
     0 | D:1      | ticklebelly the Minotaur Berserker began the quest for the
                  | Orb.
     0 | D:1      | Reached XP level 1. HP: 19/19 MP: 0/0
    75 | D:1      | Reached XP level 2. HP: 27/27 MP: 1/1
   226 | D:1      | Found Nusaes's Antique Weapon Shop.
   272 | D:1      | Found a faded altar of an unknown god.
   809 | D:2      | Found a shimmering altar of Xom.
   847 | D:2      | Reached XP level 3. HP: 32/34 MP: 2/2
   881 | D:2      | Reached ** piety under Trog
  1136 | D:2      | Slain by a gnoll

Illustrated notes

Levels and vault maps discovered:
D:1:      minmay_arrival_wavy_path, layout_loops_cross,
          shapermc_ecumenical_altar_notcrosses, serial_shops, shop,
          chequers_mini_garden
D:2:      layout_basic, basic_altar

Skill      XL: |  1 |
---------------+----+-----
Fighting       | 4 |  4.5
Axes           | 4 |  4.5
Armour         | |  2.6
Dodging        | |  2.3

Action                   || total
-------------------------++-------
Melee: Hand axe          ||    52
       Headbutt          ||    10
Armor: Animal skin       ||     2
       Leather armour    ||     5
Dodge: Dodged            ||    35
